 Dungeon Crawl Stone Soup version 0.27-a0-1579-g97d2440184 (webtiles) character file.

Game seed: 1547653590994364181

237 Sobieck the Caller (level 6, 0/36 HPs)
             Began as an Octopode Summoner on July 17, 2021.
             Engulfed by a steam dragon's steam (11 damage)
             ... on level 5 of the Dungeon.
             The game lasted 00:11:32 (3891 turns).

Sobieck the Caller (Octopode Summoner)              Turns: 3891, Time: 00:11:33

Health: 0/36       AC:  1    Str:  7    XL:     6   Next: 6%
Magic:  10/10      EV: 13    Int: 20    God:
Gold:   103        SH:  0    Dex: 12    Spells: 5/11 levels left

rFire    . . .     SeeInvis +     - Unarmed
rCold    . . .     Faith    .   (no shield)
rNeg     . . .     Spirit   .   (helmet restricted)
rPois    .         Reflect  .   o - amulet of regeneration {@e2}
rElec    .         Harm     .   y - ring of see invisible
rCorr    .         Rampage  .   (no ring)
Will     .....                  (no ring)
Stlth    ++++......             (no ring)
HPRegen  1.12/turn              (no ring)
MPRegen  0.12/turn              (no ring)
                                (no ring)
                                (no ring)

@: no status effects
A: almost no armour, amphibious, 8 rings, camouflage 1, gelatinous body 1,
(nimble swimmer 1), tentacles
a: no special abilities


You were on level 5 of the Dungeon.
You visited 1 branch of the dungeon, and saw 6 of its levels.
You also visited: Sewer.

You collected 103 gold pieces.


Innate Abilities, Weirdness & Mutations

You cannot wear most types of armour.
You are amphibious.
You can wear up to eight rings at the same time.
Your skin changes colour to match your surroundings (Stealth+).
Your rubbery body absorbs attacks. (AC +1, EV +1)
((You are camouflaged near water. (Stealth+)))
You have tentacles for arms and can constrict up to eight enemies at once.


   Skills:
 + Level 3.3 Dodging
 + Level 4.8 Stealth
 - Level 1.0 Unarmed Combat
 + Level 3.1 Spellcasting
 + Level 4.9 Summonings


You had 5 spell levels left.
You knew the following spells:

 Your Spells              Type           Power      Damage    Failure   Level
a - Summon Small Mammal   Summ           88%        N/A       1%          1
b - Call Imp              Summ           22%        N/A       2%          2
c - Call Canine Familiar  Summ           22%        N/A       5%          3

Your spell library contained the following spells:

 Spells                   Type           Power      Damage    Failure   Level
 Summon Guardian Golem    Hex/Summ       13%        N/A       16%         3
 Summon Lightning Spire   Summ/Air       13%        N/A       45%         4

Inventory:

Hand Weapons
 b - a +0 short sword {short}
   (You took it off a kobold on level 1 of the Dungeon)
 d - a +0 club {mace}
   (You found it on level 1 of the Dungeon)
 e - a +0 club {mace}
   (You took it off a goblin on level 1 of the Dungeon)
 h - a +0 club {mace}
   (You took it off a kobold on level 1 of the Dungeon)
 j - a +0 quarterstaff {staff}
   (You found it on level 2 of the Dungeon)
 n - a +0 club {mace}
   (You found it on level 2 of the Dungeon)
 q - a +0 dagger {short}
   (You took it off a kobold in a sewer)
 s - a +0 short sword {short}
   (You took it off a kobold in a sewer)
 x - a +0 mace {mace}
   (You took it off a goblin on level 4 of the Dungeon)
Missiles
 a - 8 curare-tipped darts {=fthrowing}
 c - 7 javelins {throwing}
 g - 67 stones {throwing}
 l - 18 sling bullets
 t - 7 poisoned darts {throwing}
Jewellery
 o - an amulet of regeneration (around mantle) {@e2}
   (You found it on level 4 of the Dungeon)
 y - a ring of see invisible (left tentacle)
   (You took it off a goblin on level 4 of the Dungeon)
Scrolls
 f - a scroll of immolation {unknown}
 i - 2 scrolls of fear {unknown}
 m - 2 scrolls of brand weapon {unknown}
 p - 2 scrolls of fog {unknown}
 r - a scroll of enchant armour {unknown}
 u - 3 scrolls of teleportation {unknown}
 w - 2 scrolls of enchant weapon {unknown}
Potions
 k - a potion of ambrosia {unknown}
 v - a potion of haste {unknown}
 z - 2 potions of curing {unknown}

Dungeon Overview and Level Annotations

Branches:
Dungeon (6/15)              Sewer (visited)
 Temple: D:4-7

Altars:
Ashenzari

Annotations:
D:4 Pikel

.#......#
#.#
........#
#.#
.......##
#.#
.(.....#
#.#
........
####.#####
.......#.
#........#
..####..##
###§D§?..#
.. ...
#§.§...###
. ###
#§@§......
+§§....##.
#......#
###..8...8
....#..
...###.
.... ..8..


You could see a steam dragon (catching breath).


Message History

😕 HP[-4]
You take 4 damage, and now have 25/31 hp. 😕 HP[+1]
The hound misses you. 😕 HP[+1] 😕 HP[+1]
Found a stone staircase leading down.
The hound closely misses you. 😕 HP[+1]
Casting: Summon Small Mammal (safe; 1% risk of failure)
Confirm with . or Enter, or press ? or * to list all spells.
The hound completely misses you. The steam dragon bites your rat.
Your rat dies!
Your rat's corpse disappears in a puff of smoke! 😕 HP[+1] MP[-1]
You lost 1 mp, and now have 8/9 mp.
The hound misses you. 😎 HP[+1]
Your hp is fully restored (31).
Casting: Summon Small Mammal (safe; 1% risk of failure)
Confirm with . or Enter, or press ? or * to list all spells.
The hound closely misses you. x2 😎 MP[-1]
You lost 1 mp, and now have 7/9 mp.
You swap places.
The hound bites your rat.
Your rat misses the hound. The hound bites your rat.
Your rat dies!
Your rat's corpse disappears in a puff of smoke!
The hound misses you.
There is a stone staircase leading down here. 😎 MP[+1]
The hound bites you.
You climb downwards.
There is a stone staircase leading up here.
The hound bites you. 😕 HP[-4]
You take 4 damage, and now have 27/31 hp. 😕 HP[+1]
Casting: Summon Small Mammal (safe; 1% risk of failure)
Confirm with . or Enter, or press ? or * to list all spells.
A beastly little devil appears in a puff of frigid air.
The hound bites you. x2 😕 HP[-2] MP[-2]
You take 2 damage, and now have 26/31 hp.
You lost 2 mp, and now have 6/9 mp. 😕 HP[+2]
You regained 2 hp, and now have 28/31 hp.
Casting: Call Imp (safe; 3% risk of failure)
Confirm with . or Enter, or press ? or * to list all spells.
A beastly little devil appears in a puff of frigid air.
The hound closely misses you. The hound bites you.
Your white imp hits the hound.
Your white imp freezes the hound. 😕 HP[-2] MP[-2]
You take 2 damage, and now have 26/31 hp.
You lost 2 mp, and now have 4/9 mp. 😕 HP[+1]
The hound closely misses you. 😕 HP[+1] MP[+1]
You tentacle-slap the hound but do no damage.
Your grab misses the hound. The hound bites you.
Your white imp completely misses the hound. 😕 HP[-3]
You take 3 damage, and now have 25/31 hp.
You barely miss the hound. Your grab misses the hound. You squeeze the hound.
The hound bites you.
Your white imp gestures at the hound.
The puff of frost hits the hound!
The hound dies!
You have reached level 6!
Your experience leads to an increase in your attributes!
Increase (S)trength, (I)ntelligence, or (D)exterity?
You feel clever. 😕 HP[+3]
You now have 36 max hp (+5).
You regained 3 hp, and now have 28/36 hp.
You start resting. 😎 HP[+8] MP[+1]
Your hp is fully restored (36).
Unknown command.
You start resting.
Your white imp disappears in a puff of smoke! x2 😎 MP[+4]
Your mp is fully restored (10).
You see here a hound corpse.
There is a stone staircase leading up here.
A necrophage comes into view.
Unknown command.
There is a stone staircase leading up here.
You climb upwards.
The steam dragon breathes steam at you. The ball of steam hits you!!
Ouch! That really hurt!
* * * LOW HITPOINT WARNING * * *
You hear an angry hiss.
You hear a shout!
There is a stone staircase leading down here. 😨 HP[-25]
You take 25 damage, and now have 11/36 hp.
MASSIVE DAMAGE!! (PAUSE) Unknown command.
You are engulfed in a cloud of scalding steam.
You die...

Skill      XL: |  1  2  3  4  5 |
---------------+----------------+-----
Stealth        | 3 4 |  4.8
Unarmed Combat | 1 |  1.0
Dodging        | 3 |  3.3
Spellcasting   | 3 |  3.1
Summonings     | |  4.9

Action                   |  1- 3 |  4- 6 || total
-------------------------+-------+-------++-------
Melee: Unarmed           |    86 |    72 ||   158
       Tentacles         |    22 |    10 ||    32
       Constrict         |    19 |    17 ||    36
       Short sword       |     3 |       ||     3
       Punch             |     1 |       ||     1
 Cast: Summon Small Mamm |    33 |    14 ||    47
       Call Imp          |     8 |     9 ||    17
 Stab: Distracted        |     1 |     2 ||     3
       Sleeping          |     5 |    12 ||    17
Armor: Skin              |     5 |     3 ||     8
Dodge: Dodged            |    71 |    56 ||   127

Levels and vault maps discovered:
D:1:      lemuel_arrival_hallway, layout_basic,
          dreamdust_ecumenical_altar_drowned_temple, chequers_jeans,
          minivault_24, kennysheep_decorative_pillar
D:2:      layout_basic, basic_altar, minmay_pentomino_w4, uniq_natasha
D:3:      layout_loops_ring, grunt_ministairs_9, uniq_terence
D:4:      layout_loops_ring, ashenzari_conservatory_becter,
          gup_sewer_entry_bubbles, nicolae_wooded_promenade, grunt_ministairs_6,
          uniq_pikel, uniq_eustachio, uniq_grinder
D:5:      layout_rooms, mainiacjoe_overflow_six_doors_small,
          minmay_temple_entry_overgrown, serial_shops, kennysheep_little_box,
          minmay_misc_feat_four_crosses, amcnicky_mini_pool_small
D:6:      layout_loops_cross, serial_shops, nicolae_square_shop,
          gammafunk_ghost_necromancy, hangedman_decor_peaks_small, uniq_edmund

Notes
Turn   | Place    | Note
-------+----------+-------------------------------------------
     0 | D:1      | Sobieck the Octopode Summoner began the quest for the Orb.
     0 | D:1      | Reached XP level 1. HP: 11/11 MP: 3/3
     0 | D:1      | magus.rc [v1.9.6]
   473 | D:1      | Found a faded altar of an unknown god.
   678 | D:1      | Reached skill level 3 in Stealth
   678 | D:1      | Reached XP level 2. HP: 12/17 MP: 5/5
   684 | D:1      | Learned a level 2 spell: Call Imp
  1497 | D:1      | HP: 4/17 [jackal (1)]
  1498 | D:1      | HP: 1/17 [ball python (3)]
  2075 | D:1      | Reached XP level 3. HP: 19/21 MP: 3/6
  2624 | D:2      | Learned a level 3 spell: Call Canine Familiar
  2633 | D:2      | You fall into a shaft and drop 2 floors!
  2675 | D:4      | Noticed a black bear
  2773 | D:4      | Killed a black bear
  2774 | D:4      | Reached skill level 4 in Stealth
  2774 | D:4      | Reached skill level 1 in Unarmed Combat
  2774 | D:4      | Reached XP level 4. HP: 11/27 MP: 0/7
  3088 | D:4      | Found a broken altar of Ashenzari.
  3152 | D:4      | Reached XP level 5. HP: 25/31 MP: 3/9
  3174 | D:4      | Found a glowing drain.
  3186 | Sewer    | Entered a sewer
  3292 | Sewer    | Noticed Purgy
  3303 | Sewer    | Killed Purgy
  3304 | Sewer    | Reached skill level 3 in Dodging
  3304 | Sewer    | Reached skill level 3 in Spellcasting
  3573 | D:4      | Noticed a lemure
  3573 | D:4      | Noticed a lemure
  3573 | D:4      | Noticed Pikel
  3791 | D:3      | You fall into a shaft and drop 2 floors!
  3791 | D:5      | Entered Level 5 of the Dungeon
  3791 | D:5      | Noticed a steam dragon
  3795 | D:5      | Noticed a black bear
  3832 | D:6      | Reached XP level 6. HP: 28/36 MP: 5/10
  3882 | D:6      | Noticed a necrophage
  3891 | D:5      | Engulfed by a steam dragon's steam

Vanquished Creatures
  A hound (D:3)
  An adder (D:4)
  A river rat (D:4)
  2 worms (D:4)
  A dart slug (D:1)
  5 endoplasms
  5 giant cockroaches
  4 hobgoblins
  2 jackals (D:1)
  4 quokkas
  3 ball pythons
  3 bats
  3 frilled lizards (D:1)
  A goblin (D:1)
  3 kobolds
  2 rats (D:1)
  A spectral hobgoblin (D:1)
42 creatures vanquished.

Vanquished Creatures (collateral kills)
  Purgy (Sewer)
  A black bear (D:4)
  A hound (D:6)
  A river rat (D:4)
  3 adders
  A worm (D:2)
  An endoplasm (D:1)
  A hobgoblin (D:2)
  5 jackals
  2 ball pythons
  2 frilled lizards (D:2)
  A goblin (D:4)
  A kobold (D:1)
21 creatures vanquished.

Grand Total: 63 creatures vanquished

Table legend:
 A = Non-vault XP
 B = Vault XP
 C = Vault XP percentage of total XP
 D = Non-vault monster count
 E = Vault monster count
 F = Vault count percentage of total count
                 A         B        C        D         E       F
            +---------+---------+-------+---------+---------+-------
      Total |     185 |     154 |  45.4 |      43 |      20 |  31.7
            +---------+---------+-------+---------+---------+-------
        D:1 |      39 |       1 |   2.5 |      26 |       1 |   3.7
        D:2 |       7 |      17 |  70.8 |       5 |       4 |  44.4
        D:3 |      43 |      10 |  18.9 |       6 |       2 |  25.0
        D:4 |      70 |      49 |  41.2 |       5 |       7 |  58.3
        D:6 |      26 |       0 |   0.0 |       1 |       0 |   0.0
      Sewer |       0 |      77 | 100.0 |       0 |       6 | 100.0
            +---------+---------+-------+---------+---------+-------

Illustrated notes

Table legend:
 A = Kills in this place as a percentage of kills in entire the game.
 B = Kills by you in this place as a percentage of kills by you in the entire game.
 C = Kills by friends in this place as a percentage of kills by friends in the entire game.
 D = Other kills in this place as a percentage of other kills in the entire game.
 E = Experience gained in this place as a percentage of experience gained in the entire game.
 F = Experience gained in this place divided by the number of levels of this place that you have seen.
                   A       B       C       D       E      F
               +-------+-------+-------+-------+-------+----------------------
         Total | 100.0 | 100.0 | 100.0 |   N/A | 100.0 |  48.4
       Dungeon |  90.5 |  88.1 |  95.2 |   N/A |  77.3 |  43.7
         Sewer |   9.5 |  11.9 |   4.8 |   N/A |  22.7 |  77.0
               +-------+-------+-------+-------+-------+----------------------

Table legend: (Time is in decaauts)
 A = Elapsed time spent in this place.
 B = Non-inter-level travel time spent in this place.
 C = Inter-level travel time spent in this place.
 D = Time resting spent in this place.
 E = Time spent auto-exploring this place.
 F = Levels seen in this place.
 G = Mean time per level.
                   A        B        C        D        E       F      G
               +--------+--------+--------+--------+--------+-----+--------+
         Total |   3887 |   3812 |     75 |   1928 |    781 |   7 |  555.3 |
       Dungeon |   3598 |   3523 |     75 |   1835 |    781 |   6 |  599.7 |
         Sewer |    288 |    288 |      0 |     93 |      0 |   1 |  288.0 |
               +--------+--------+--------+--------+--------+-----+--------+

Top non-repeatable levels by time:
     D:1: 2372 daAuts
     D:4: 686 daAuts
   Sewer: 288 daAuts
     D:2: 255 daAuts
     D:3: 183 daAuts
     D:6: 67 daAuts
     D:5: 32 daAuts
